AoeStats
← 极地沙尘暴

Arena

507520932Analyzed
2v2 RM · 13d ago on Sep 18, 2026· 45m 54s· 4 players
Game mode
Random Map
Map size
Medium (4 player)
Population
200
Speed
Normal
Resources
Standard
Victory
Conquest
Starting age
Dark Age
Ending age
Imperial Age
RankedLock teamsTeams togetherTeam positionsShared explorationLock speedFull tech treeHidden civsTurbo modeCheats
Victory
Defeat
🇫🇷 Mapuche · France
1333
+16
🇲🇽 Bohemians · Mexico
1324
+16
🇨🇳 Wu · China
1336
-16
🇨🇳 Poles · China
1335
-16
Urielo82
5:03 Loom
10:55 Feudal Age
15:38 Castle Age
14:39 Double-Bit Axe
25:39 Bow Saw
32:00 Imperial Age
32:30 Chemistry
32:22 Wheelbarrow
34:34 Horse Collar
38:49 Pikeman
39:30 Squires
40:02 Halberdier
43:25 Houfnice
Obitwo
10:49 Feudal Age
10:48 Loom
15:25 Castle Age
14:18 Scale Mail Armor
14:15 Double-Bit Axe
23:42 Wheelbarrow
23:44 Fletching
26:21 Bow Saw
25:51 Horse Collar
26:02 Gold Mining
26:58 Bodkin Arrow
27:05 Padded Archer Armor
27:49 Heavy Plow
29:26 Malon
30:27 Leather Archer Armor
32:23 Hand Cart
36:36 Imperial Age
34:39 Forging
35:58 Iron Casting
37:03 Elite Bolas Rider
38:14 Conscription
40:08 Chemistry
39:33 Ballistics
40:56 Blast Furnace
40:31 Crop Rotation
40:47 Gold Shaft Mining
39:46 Elite Kona
39:55 Elite Skirmisher
41:26 Butalmapu
40:49 Elite Skirmisher
41:01 Elite Skirmisher
43:46 Bombard Tower
极地沙尘暴
6:17 Loom
8:58 Feudal Age
9:44 Double-Bit Axe
10:38 Horse Collar
17:02 Wheelbarrow
20:17 Castle Age
19:32 Forging
20:03 Bloodlines
22:01 Bow Saw
21:53 Heavy Plow
22:59 Man-at-Arms
24:12 Gold Mining
28:11 Imperial Age
27:10 Hand Cart
27:05 Fletching
26:58 Elite Skirmisher
28:31 Ballistics
28:29 Bodkin Arrow
28:34 Padded Archer Armor
30:25 Bracer
33:28 Chemistry
33:47 Scale Barding Armor
34:17 Iron Casting
34:26 Conscription
34:23 Cavalier
35:06 Husbandry
35:52 Szlachta Privileges
36:23 Chain Barding Armor
41:14 Blast Furnace
42:58 Leather Archer Armor
剃刀割猪头
11:11 Feudal Age
15:04 Castle Age
13:35 Double-Bit Axe
15:19 Horse Collar
17:59 Bow Saw
19:17 Fletching
19:31 Gold Mining
21:23 Bodkin Arrow
22:55 Padded Archer Armor
23:31 Heavy Plow
25:32 Wheelbarrow
24:48 Loom
26:05 Wheelbarrow
28:55 Scale Mail Armor
31:14 Squires
32:24 Chain Mail Armor
32:20 Forging
35:12 Scale Barding Armor
35:46 Gold Shaft Mining
35:52 Hand Cart
35:04 Light Cavalry
35:54 Bloodlines
35:45 Husbandry
38:04 Scale Barding Armor
42:05 Imperial Age
39:33 Pikeman
44:34 Imperial Age
45:59 Plate Mail Armor
Connection lost

Rejoining the realm…

Still unreachable

The connection could not be restored.

Session expired

The server has moved on; the page needs a fresh start.